 Dungeon Crawl Stone Soup version 0.29.1-1-gd02db69 (webtiles) character file.

Game seed: 12293751433803997000

64089 Timinator the Martial Artist (level 14, -1/118 HPs)
             Began as a Demigod Transmuter on Jan 14, 2023.
             Slain by an orc high priest
             ... wielding a +0 dire flail
              (5 damage)
             ... on level 1 of the Orcish Mines.
             The game lasted 01:45:55 (30527 turns).

Timinator the Martial Artist (Demigod Transmuter)  Turns: 30527, Time: 01:45:56

Health: -1/118     AC: 13    Str: 19    XL:     14   Next: 32%
Magic:  0/22       EV: 19    Int: 17    God:
Gold:   1450       SH:  0    Dex: 22    Spells: 5/19 levels left

rFire   . . .      SeeInvis +     - Unarmed
rCold   + + .      Faith    .   (shield currently unavailable)
rNeg    . . .      Spirit   +   H - +4 ring mail
rPois   +          Reflect  .   v - +1 helmet
rElec   .          Harm     .   (no cloak)
rCorr   +          Rampage  +   (gloves currently unavailable)
Will    +++..                   t - +1 pair of boots of Going Fast {Rampage rPois rC+ Int+2}
Stlth   +.........              p - amulet "Seosabai" {Spirit rC+ Will+ SInv}
HPRegen 0.29/turn               i - ring of resist corrosion
MPRegen 0.18/turn               J - ring of willpower

@: mighty, blade hands
A: high MP 1, forlorn, divine attributes
a: End Transformation


You were on level 1 of the Orcish Mines.
You had blades for hands.
You visited 3 branches of the dungeon, and saw 16 of its levels.
You also visited: Sewer and Ossuary.

You collected 1450 gold pieces.

Inventory:

Missiles
 b - 3 curare-tipped darts
 n - 28 poisoned darts (quivered)
 q - 3 throwing nets
 z - 7 javelins
 C - 3 atropa-tipped darts
Armour
 h - a +1 pair of gloves (melded)
 t - the +1 pair of boots of Going Fast (worn) {Rampage rPois rC+ Int+2}
   (You found it on level 4 of the Dungeon)

   Int:       It affects your intelligence (+2).
   rC:        It protects you from cold.
   rPois:     It protects you from poison.
   Rampage:   It bestows one free step when moving towards enemies.
 v - a +1 helmet (worn)
 H - a +4 ring mail (worn)
Jewellery
 i - a ring of resist corrosion (left blade hand)
 m - a ring of see invisible
 p - the amulet "Seosabai" (around neck) {Spirit rC+ Will+ SInv}
   (You found it on level 6 of the Dungeon)

   [amulet of guardian spirit]

   It causes incoming damage to be divided between your reserves of health and
   magic.
   rC:        It protects you from cold.
   SInv:      It lets you see invisible.
   Will:      It increases your willpower.
 y - a ring of magical power
 J - a ring of willpower (right blade hand)
Wands
 a - a wand of acid (5)
 u - a wand of iceblast (5)
 E - a wand of polymorph (4)
 K - a wand of paralysis (11)
Scrolls
 c - a scroll of fear
 d - 3 scrolls of poison
 e - 6 scrolls of enchant weapon
 l - 7 scrolls of fog
 r - 2 scrolls of enchant armour
 w - 5 scrolls of amnesia
 A - 2 scrolls of torment
 B - a scroll of blinking
 D - 3 scrolls of teleportation
 G - 2 scrolls of silence
 L - 3 scrolls of identify
Potions
 f - 8 potions of curing
 g - a potion of brilliance
 j - a potion of attraction
 k - 2 potions of flight
 o - 2 potions of haste
 s - 2 potions of mutation
 x - a potion of cancellation
 F - a potion of magic
 I - a potion of berserk rage


   Skills:
 + Level 9.2 Fighting
 - Level 5.5 Throwing
 - Level 3.0 Armour
 * Level 11.4 Dodging
 * Level 13.2 Unarmed Combat
 - Level 3.0 Spellcasting
 * Level 12.7 Transmutations
 - Level 3.0 Ice Magic
 + Level 2.2 Evocations


You had 5 spell levels left.
You knew the following spells:

 Your Spells              Type           Power      Damage    Failure   Level
a - Blade Hands           Tmut           22%        N/A       30%         5
b - Wereblood             Tmut           45%        N/A       10%         2
c - Ice Form              Ice/Tmut       29%        N/A       50%         4
d - Passwall              Tmut/Erth      20%        N/A       26%         2
e - Beastly Appendage     Tmut           90%        N/A       8%          1

Your spell library contained the following spells:

 Spells                   Type           Power      Damage    Failure   Level
 Sting                    Tmut/Pois      96%        1d7       22%         1
 Spider Form              Tmut/Pois      24%        N/A       36%         3
 Ensorcelled Hibernation  Hex/Ice        14%        N/A       67%         2
 Summon Small Mammal      Summ           8%         N/A       71%         1
 Poisonous Vapours        Pois/Air       4%         N/A       82%         2
 Call Canine Familiar     Summ           2%         N/A       94%         3
 Swiftness                Air            2%         N/A       94%         3
 Anguish                  Hex/Necr       1%         N/A       100%        4
 Animate Armour           Summ/Erth      4%         N/A       100%        4
 Olgreb's Toxic Radiance  Pois           2%         N/A       100%        4
 Iskenderun's Battlesphe  Conj           2%         2d6       100%        5
 Summon Forest            Summ/Tloc      1%         N/A       100%        5
 Summon Mana Viper        Hex/Summ       2%         N/A       100%        5
 Iron Shot                Conj/Erth      1%         9d1       100%        6
 Summon Cactus Giant      Summ           1%         N/A       100%        6
 Enfeeble                 Hex            1%         N/A       100%        7
 Spellforged Servitor     Conj/Summ      1%         N/A       100%        7


Dungeon Overview and Level Annotations

Branches:
Dungeon (10/15)            Temple (0/1) D:5            Lair (5/5) D:8
  Swamp (0/4) Lair:3        Snake (0/4) Lair:2        Slime (0/5) Lair:4
    Orc (1/2) D:10          Sewer (visited)         Ossuary (visited)

Shops:
D:1 *   D:8 (

Annotations:
D:8 exclusions: oklob plant and oklob sapling
Orc:1 1 transporter


Innate Abilities, Weirdness & Mutations

You have blades for hands.
Your spellcasting is less reliable in this form.
You are incapable of wielding weapons or throwing items.
You have an increased reservoir of magic. (+10% MP)
You shall have no god before yourself.
Your divine heritage dramatically boosts your attributes as you level up.


Message History

You feel very mighty all of a sudden.
You shred the orc warlord!!!
The orc warlord is moderately wounded.
The orc warlord hits you with a +3 great mace!
You slice the orc warlord!!
The orc warlord is severely wounded.
The orc warlord hits you with a +3 great mace!!
You slash the orc warlord! You slash the orc warlord!!
The orc warlord is almost dead.
You hit the orc warlord but do no damage.
The orc warlord is almost dead.
The orc warlord hits you with a +3 great mace!!
* * * LOW HITPOINT WARNING * * *
The orc warrior barely misses you.
You slash the orc warlord!
You kill the orc warlord!
The orc warrior barely misses you.
Okay, then.
You slice the orc high priest!!
The orc high priest is heavily wounded.
The orc high priest hits you but does no damage.
The orc warrior hits you but does no damage.
You closely miss the orc high priest.
The orc high priest is heavily wounded.
The orc high priest invokes the aid of Beogh against you.
Beogh smites you!
* * * LOW HITPOINT WARNING * * *
The orc warrior hits you from afar with a +0 glaive.
* * * LOW HITPOINT WARNING * * *
Okay, then.
Okay, then.
You completely miss the orc high priest.
You slash the orc high priest, but do no damage.
The orc high priest is heavily wounded.
You barely miss the orc high priest.
The orc high priest is heavily wounded.
The orc warrior hits you from afar with a +0 glaive!
* * * LOW HITPOINT WARNING * * *
The orc high priest hits you with a +0 dire flail.
You die...

#....#))#...## #...##
##..#...##### ##### #...))##
#.....# #....## ####....##### ###
#.#....).#..# ######.##
.....).)....############.##....#
...........##43o@©....##......###
..........##..o#####...#..#....##
......#...##.)o?#.#....#......##.
.....).....#.#$......#o#...#.##..
#.##.......#)##.8.8.##o#.........
..........©#©#$.._..[#o#©........
#.#........#)##.8.8.##o#.........
#..........#)#)......#o#.........
.....#.....#$...#.#.3oo##........


You could see an orc high priest (strong), a rust devil (summoned), a sixfirhy
(summoned), an orc warrior (strong) and an orc wizard (strong, invisible).

Vanquished Creatures
  Kirke (Lair:5)
  An orc warlord (Orc:1)
  Harold (D:10)
  6 hydras
  A two-headed ogre (D:9)
  13 death yaks
  An orc high priest (Orc:1)
  2 bog bodies (Lair:3)
  Pikel (D:4)
  2 orc knights (Orc:1)
  An orc sorcerer (Orc:1)
  An ugly thing (D:6)
  2 oklob plants (Lair:4)
  19 elephants
  A gargoyle (D:10)
  A torpor snail (Lair:4)
  5 black mambas
  22 cane toads
  Maggie (Lair:2)
  9 komodo dragons
  An unseen horror (D:9)
  2 rime drakes
  2 polar bears
  3 trolls
  5 tyrant leeches
  4 hornets
  24 blink frogs
  4 dream sheep (Lair:4)
  Sigmund (D:6)
  A shadow (D:9)
  2 vampires (D:10)
  6 wyverns
  7 hogs (Lair:5)
  32 yaks
  4 basilisks
  A steam dragon (Lair:3)
  10 vampire mosquitoes
  Menkaure (Ossuary)
  9 water moccasins
  4 nagas (Lair:2)
  An acid dragon (D:10)
  An ice beast (D:5)
  16 orc warriors
  A sky beast (D:6)
  7 black bears
  9 wolves (Lair:1)
  7 ogres
  A centaur (D:5)
  8 kobold brigands
  15 bullfrogs
  2 gnoll sergeants
  3 scorpions
  20 wights
  15 killer bees
  6 howler monkeys
  A vampire bat (Lair:3)
  An electric eel (Lair:5)
  5 orc priests
  2 gnoll boudas
  4 hounds
  5 jellies
  Natasha (thrice) (D:4)
  4 iguanas
  13 orc wizards
  3 hell rats (Lair:3)
  3 mummies (Ossuary)
  17 gnolls
  9 adders
  8 river rats
  6 white imps
  2 ufetubi (D:6)
  5 worms
  5 dart slugs
  49 orcs
  15 endoplasms
  3 giant cockroaches (D:4)
  4 gnoll zombies (Ossuary)
  6 goblins
  4 hobgoblins (D:2)
  3 jackals (D:8)
  22 kobolds
  6 quokkas
  20 ball pythons
  15 bats
  6 frilled lizards
  4 gnoll skeletons (Ossuary)
  5 goblin skeletons (Ossuary)
  4 goblin zombies (Ossuary)
  6 hobgoblin skeletons (Ossuary)
  2 hobgoblin zombies (Ossuary)
  A kobold skeleton (Ossuary)
  3 kobold zombies (Ossuary)
  3 orc skeletons (Ossuary)
  9 orc zombies (Ossuary)
  9 rats
  6 rat skeletons (Ossuary)
  3 rat zombies (Ossuary)
630 creatures vanquished.

Vanquished Creatures (others)
  A wight (D:9)
  9 bushes (Lair:5)
  80 fungi
  169 plants
259 creatures vanquished.

Grand Total: 889 creatures vanquished

Notes
Turn   | Place    | Note
-------+----------+-------------------------------------------
     0 | D:1      | Timinator the Demigod Transmuter began the quest for the
                  | Orb.
     0 | D:1      | Reached XP level 1. HP: 15/15 MP: 5/5
    52 | D:1      | Reached skill level 1 in Fighting
   295 | D:1      | Found Civvaw's Assorted Antiques.
   307 | D:1      | Reached XP level 2. HP: 23/23 MP: 5/7
   512 | D:1      | Reached skill level 3 in Unarmed Combat
   955 | D:2      | Reached skill level 1 in Armour
  1539 | D:2      | Reached XP level 3. HP: 28/28 MP: 6/8
  2298 | D:3      | Learned a level 2 spell: Wereblood
  3195 | D:4      | Reached XP level 4. HP: 35/35 MP: 7/9
  3222 | D:4      | Noticed a lemure
  3223 | D:4      | Noticed Pikel
  3232 | D:4      | Noticed a lemure
  3232 | D:4      | Noticed a lemure
  3232 | D:4      | Noticed a lemure
  3246 | D:4      | Killed Pikel
  3247 | D:4      | Reached skill level 4 in Unarmed Combat
  3247 | D:4      | Reached XP level 5. HP: 11/42 MP: 9/12
  3247 | D:4      | Reached XP level 6. HP: 13/49 MP: 9/13
  3334 | D:4      | Found a glowing drain.
  3343 | Sewer    | Entered a sewer
  4011 | Sewer    | Reached XP level 7. HP: 43/56 MP: 11/14
  4388 | D:4      | Learned a level 4 spell: Ice Form
  4401 | D:4      | Noticed Natasha
  4405 | D:4      | Killed Natasha
  4752 | D:4      | Noticed Natasha
  4759 | D:4      | Killed Natasha
  4760 | D:4      | Reached skill level 1 in Throwing
  4911 | D:4      | Identified the +1 pair of boots of Going Fast {Rampage
                  | rPois rC+ Int+2}
  5032 | D:4      | Reached skill level 5 in Unarmed Combat
  5102 | D:4      | Noticed Natasha
  5106 | D:4      | Killed Natasha
  5333 | D:5      | Entered Level 5 of the Dungeon
  5470 | D:5      | HP: 1/57 [centaur (2)]
  5944 | D:5      | Found a staircase to the Ecumenical Temple.
  5982 | D:5      | Reached XP level 8. HP: 40/63 MP: 15/15
  6657 | D:5      | Reached skill level 6 in Unarmed Combat
  7560 | D:6      | Found a sand-covered staircase.
  7566 | Ossuary  | Entered an ossuary
  7828 | Ossuary  | Reached skill level 5 in Transmutations
  7830 | Ossuary  | Noticed Menkaure
  7842 | Ossuary  | Killed Menkaure
  8392 | D:6      | Noticed Sigmund
  8400 | D:6      | Killed Sigmund
  9074 | D:6      | Noticed a purple ugly thing
  9123 | D:6      | Reached XP level 9. HP: 65/71 MP: 12/16
  9202 | D:6      | Reached skill level 7 in Unarmed Combat
  9229 | D:6      | Killed a purple ugly thing
  9381 | D:6      | Identified the amulet "Seosabai" {Spirit rC+ Will+ SInv}
  9852 | D:7      | Reached skill level 5 in Dodging
 10055 | D:7      | Paralysed by a hornet for 3 turns
 10061 | D:7      | Reached skill level 1 in Ice Magic
 10880 | D:7      | Reached skill level 5 in Fighting
 11115 | D:8      | Found a staircase to the Lair.
 11251 | D:8      | Noticed a four-headed hydra
 11390 | D:8      | Found Jocrut's Weapon Shop.
 11598 | D:8      | Killed a four-headed hydra
 11599 | D:8      | Reached skill level 8 in Unarmed Combat
 11599 | D:8      | Reached XP level 10. HP: 39/81 MP: 7/17
 13224 | D:8      | Paralysed by a hornet for 3 turns
 13506 | D:8      | Got the Volume of Nature
 13629 | D:8      | Noticed an oklob plant
 13727 | D:9      | Noticed a two-headed ogre
 13737 | D:9      | Killed a two-headed ogre
 13974 | D:9      | Reached skill level 9 in Unarmed Combat
 14208 | D:9      | Learned a level 2 spell: Passwall
 14753 | D:10     | Entered Level 10 of the Dungeon
 14811 | D:10     | Noticed Harold
 14837 | D:10     | Killed Harold
 14838 | D:10     | Reached XP level 11. HP: 31/89 MP: 6/19
 15390 | D:10     | Found the +8 Vampire's Tooth {vamp}
 15819 | Lair:1   | Entered Level 1 of the Lair of Beasts
 16768 | Lair:1   | Noticed a four-headed hydra
 16793 | Lair:1   | Killed a four-headed hydra
 16988 | Lair:1   | Reached skill level 10 in Unarmed Combat
 17508 | Lair:1   | Noticed a four-headed hydra
 17675 | D:8      | Killed a four-headed hydra
 19226 | Lair:2   | Reached XP level 12. HP: 93/100 MP: 16/20
 19258 | Lair:2   | Noticed Maggie
 19275 | Lair:2   | Killed Maggie
 19345 | Lair:2   | Identified the +0 robe of Lust {Fly rElec}
 19669 | Lair:2   | Reached skill level 5 in Throwing
 19682 | Lair:2   | Found a staircase to the Snake Pit.
 19951 | Lair:2   | Reached skill level 10 in Transmutations
 20697 | Lair:3   | Noticed a six-headed hydra
 20705 | Lair:3   | Killed a six-headed hydra
 21118 | Lair:3   | Reached skill level 11 in Unarmed Combat
 21304 | Lair:3   | Found a staircase to the Swamp.
 21966 | Lair:4   | Noticed a five-headed hydra
 22009 | Lair:4   | Killed a five-headed hydra
 23363 | Lair:4   | Noticed a four-headed hydra
 23384 | Lair:4   | Killed a four-headed hydra
 23512 | Lair:4   | Reached XP level 13. HP: 102/107 MP: 19/21
 23822 | Lair:4   | Found a staircase to the Slime Pits.
 24350 | Lair:5   | Entered Level 5 of the Lair of Beasts
 24382 | Lair:5   | Noticed Kirke
 24425 | Lair:5   | Killed Kirke
 24619 | Lair:5   | Reached skill level 12 in Unarmed Combat
 24734 | Lair:5   | Reached skill level 10 in Dodging
 27436 | Lair:5   | Reached XP level 14. HP: 71/118 MP: 11/22
 27480 | Lair:5   | Reached skill level 1 in Evocations
 28143 | Lair:5   | Reached skill level 13 in Unarmed Combat
 29627 | D:10     | Found a staircase to the Orcish Mines.
 29847 | D:10     | Learned a level 5 spell: Blade Hands
 29935 | Orc:1    | Entered Level 1 of the Orcish Mines
 30133 | Orc:1    | Noticed an orc warlord
 30274 | Orc:1    | Found a transporter.
 30333 | Orc:1    | Found a transporter.
 30523 | Orc:1    | Killed an orc warlord
 30527 | Orc:1    | HP: 4/118 [orc warrior/+0 glaive (8)]
 30527 | Orc:1    | Slain by an orc high priest

Illustrated notes

Levels and vault maps discovered:
D:1:      dpeg_arrival_fog, layout_rooms, serial_shops, shop_fountains,
          serial_glass, glass_columns_a, glass_columns_a, glass_columns_b,
          glass_columns_c, hellmonk_ecumenical_altar_inner_sanctum,
          minmay_statues_item
D:2:      layout_loops_ring
D:3:      layout_loops_cross, chequers_jeans
D:4:      layout_basic, nicolae_overflow_hallway_of_the_gods,
          cheibrodos_sewer_entry_sluice, kennysheep_nub, uniq_pikel,
          uniq_natasha
D:5:      layout_loops_corners, minmay_temple_entry_sparse_star
D:6:      minmay_clustersquares, layout_basic, mainiacjoe_overflow_24_doors,
          enter_ossuary_1, uniq_sigmund
D:7:      layout_basic
D:8:      layout_loops_cross, due_lair_maze_entry_diamond, serial_shops,
          nicolae_stop_n_shop_2, introduction_to_nature_2
D:9:      layout_loops_cross, grunt_ogre_cave, billiards_dpeg
D:10:     layout_loops_corners, kennysheep_orc_monster_closet_entryway,
          minivault_5, chequers_serial_rivers_micro_b,
          minmay_guarded_unrand_vampires_tooth, uniq_harold
Lair:1:   layout_regular_city, guppyfry_lair_drakes, grunt_megastairs_1,
          serial_bayou_shore_a
Lair:2:   layout_regular_city, minmay_snake_entry_guardpost_small, uniq_maggie
Lair:3:   layout_regular_city, skrybe_swamp_entry_bodies,
          chequers_serial_rivers_micro_b, roderic_batcave,
          kennysheep_abandoned_house
Lair:4:   layout_regular_city, minmay_slime_entry_oklob_enclosed,
          chequers_serial_rivers_room_a
Lair:5:   minmay_lair_end_frog_pond, layout_cave_pods, lookout_lair_type,
          nicolae_lair_grazing_beasts [nicolae_sub_lair_graze_edge,
          nicolae_sub_lair_graze_edge, nicolae_sub_lair_graze_edge,
          nicolae_sub_lair_graze_edge], lemuel_fruit_fields, uniq_kirke
Orc:1:    gammafunk_beogh_shrine, layout_diamond_mine, mines2_david

Skill      XL: |  1  2  3  4  5  6  7  8  9 10 11 12 13 14 |
---------------+-------------------------------------------+-----
Fighting       | 1 2 3 4 5 6 7 8 9 |  9.2
Unarmed Combat | 3 4 5 6 8 9 10 11 12 13 | 13.2
Dodging        | 2 3 4 5 6 7 9 10 11 | 11.4
Armour         | 1 3 |  3.0
Spellcasting   | 2 3 |  3.0
Transmutations | 2 3 4 5 7 8 9 11 12 | 12.7
Throwing       | 1 2 3 4 5 |  5.5
Ice Magic      | 2 3 |  3.0
Evocations     | 2 |  2.2

Action                   |  1- 3 |  4- 6 |  7- 9 | 10-12 | 13-15 || total
-------------------------+-------+-------+-------+-------+-------++-------
Melee: Unarmed           |   145 |    51 |   539 |  1022 |   769 ||  2526
       Kick              |    31 |    15 |   123 |     3 |       ||   172
       Headbutt          |    19 |     9 |    66 |     3 |       ||    97
       Punch             |     1 |     1 |    17 |    91 |    51 ||   161
Throw: Dart              |       |    11 |    49 |    96 |    47 ||   203
       Throwing net      |       |       |     1 |     6 |       ||     7
       Javelin           |       |       |       |       |     7 ||     7
 Cast: Beastly Appendage |    35 |    14 |    56 |     1 |       ||   106
       Wereblood         |       |     1 |    29 |    59 |    37 ||   126
       Ice Form          |       |       |     1 |    18 |    17 ||    36
       Blade Hands       |       |       |       |       |     6 ||     6
Evoke: Wand              |       |       |     3 |     4 |    10 ||    17
  Use: Potion            |       |     3 |     7 |     5 |     2 ||    17
       Scroll            |       |       |    19 |     9 |     2 ||    30
 Stab: Sleeping          |     1 |       |     1 |       |       ||     2
       Held in net/web   |       |       |       |     4 |       ||     4
       Invisible         |       |       |       |       |     5 ||     5
Armor: Robe              |     5 |       |       |       |       ||     5
       Leather armour    |    20 |     7 |     1 |    50 |       ||    78
       Skin              |       |    34 |    13 |    32 |    55 ||   134
       Ring mail         |       |       |   122 |   192 |    83 ||   397
Dodge: Dodged            |    86 |    39 |   279 |   661 |   501 ||  1566
